 Dungeon Crawl Stone Soup version 0.25.1-2-g60ff931df9 (webtiles) character file.

Game seed: 14665875273378116988

149 MajorAdolf the Skirmisher (level 5, 0/52 HPs)
             Began as a Naga Wanderer on Aug 14, 2020.
             Succumbed to an adder's poison
             ... in a sewer.
             The game lasted 00:04:05 (3267 turns).

MajorAdolf the Skirmisher (Naga Wanderer)           Turns: 3267, Time: 00:04:06

Health: 0/52       AC:  2    Str: 18    XL:     5   Next: 31%
Magic:  5/5        EV:  9    Int: 11    God:
Gold:   26         SH:  0    Dex:  9    Spells: 4/4 levels left

rFire    . . .     SeeInvis +   a - +2 dagger
rCold    . . .     Gourm    .   (no shield)
rNeg     . . .     Faith    .   e - +0 robe
rPois    +         Spirit   .   (no helmet)
rElec    .         Reflect  .   (no cloak)
rCorr    .         Harm     .   (no gloves)
MR       .....                  (no barding)
Stlth    +.........             (no amulet)
HPRegen  0.17/turn              (no ring)
MPRegen  0.09/turn              (no ring)

@: lethally poisoned (0 -> -3), very slow
A: large, see invisible, deformed body, poison resistance, slowness 2, slow
metabolism 1, spit poison 1, AC +1
a: Spit Poison


You were in a sewer.
You were not hungry.

You visited 1 branch of the dungeon, and saw 4 of its levels.
You also visited: Sewer.

You collected 26 gold pieces.

Inventory:

Hand Weapons
 a - a +2 dagger (weapon)
 c - a +0 mace
 d - a +0 hand axe
 g - a +0 short sword
Armour
 e - a +0 robe (worn)
Potions
 j - a potion of flight
Comestibles
 f - 4 rations


   Skills:
 + Level 5.0 Fighting
 - Level 2.0(2.4) Axes
 - Level 2.0(2.4) Maces & Flails
 - Level 2.4 Armour
 - Level 1.5 Stealth
   Level 1.0 Evocations


You had 4 spell levels left.
You didn't know any spells.
Your spell library was empty.

Dungeon Overview and Level Annotations

Branches:
Dungeon (3/15)              Sewer (1/1)

Altars:


Innate Abilities, Weirdness & Mutations

You cannot wear boots.
Your serpentine skin is tough. (AC +1)
You have supernaturally acute eyesight. (SInv)
Armour fits poorly on your strangely shaped body.
Your system is resistant to poisons. (rPois)
You cover ground very slowly.
You have a slow metabolism.
You can spit poison.


Message History

The ooze is moderately wounded.
* * * LOW HITPOINT WARNING * * *
You feel sick. The ooze barely misses you.
Unknown command.
You hit the ooze.
The ooze is moderately wounded.
* * * LOW HITPOINT WARNING * * *
You feel sick.
The ooze splashes around in the water.
You hit the ooze.
The ooze is severely wounded.
The ooze hits you.
* * * LOW HITPOINT WARNING * * *
Unknown command.
You hit the ooze.
You kill the ooze!
Your Fighting skill increases to level 5!
* * * LOW HITPOINT WARNING * * *
You feel sick.
Okay, then.
You die...

#≈≈≈≈##≈≈#
##.≈≈##.≈##
#≈≈≈.#.≈≈#
##≈≈≈##≈≈≈#
#.≈≈≈#≈.≈.#
#∩..≈#≈..≈#
#.≈≈≈#≈≈≈≈#
##≈≈≈##≈≈≈##
#≈≈≈≈#≈@.≈##
##≈.≈##≈†.≈#
#≈≈≈.##≈≈.≈≈#
##≈≈≈≈###≈≈†≈≈≈≈ #
##≈≈≈≈.####.≈≈≈ ####
##≈.≈÷≈≈≈#########≈≈≈
####.≈≈≈≈≈≈≈≈≈≈≈≈≈≈.
####≈≈≈.≈≈≈≈≈.≈##
#############


There were no monsters in sight!

Vanquished Creatures
  4 adders
  9 oozes (Sewer)
  9 leopard geckos
  6 giant cockroaches
  5 goblins
  4 hobgoblins
  6 kobolds
  A quokka (D:2)
  10 ball pythons (Sewer)
  4 bats
  5 frilled lizards
  A rat (D:2)
64 creatures vanquished.

Notes
Turn   | Place    | Note
-------+----------+-------------------------------------------
     0 | D:1      | MajorAdolf the Naga Wanderer began the quest for the Orb.
     0 | D:1      | MajorAdolf set off with the following items: a +2 dagger, a
                  | potion of heal wounds, a +0 mace, a +0 hand axe, a +0 robe,
                  | a ration
     0 | D:1      | Reached XP level 1. HP: 18/18 MP: 1/1
   460 | D:1      | Reached skill level 2 in Fighting
   460 | D:1      | Reached XP level 2. HP: 26/26 MP: 2/2
  1523 | D:2      | Reached skill level 3 in Fighting
  1523 | D:2      | Reached XP level 3. HP: 34/34 MP: 3/3
  2316 | D:3      | You fall into a shaft and drop 2 floors!
  2316 | D:5      | Entered Level 5 of the Dungeon
  2386 | D:5      | Found a glowing drain.
  2402 | Sewer    | Entered a sewer
  2541 | Sewer    | Reached XP level 4. HP: 27/44 MP: 4/4
  2826 | Sewer    | Reached skill level 4 in Fighting
  3122 | Sewer    | Reached XP level 5. HP: 40/51 MP: 5/5
  3265 | Sewer    | HP: 2/51 [ooze (2)]
  3266 | Sewer    | Reached skill level 5 in Fighting
  3267 | Sewer    | Succumbed to an adder's poison

Illustrated notes

Levels and vault maps discovered:
D:1:      dpeg_arrival_ternary, layout_basic
D:2:      layout_loops_corners, first_ration
D:3:      layout_rooms, gammafunk_temple_overflow_statue
D:5:      layout_basic, portal_sewer_entry_f, basic_altar, uniq_pikel,
          uniq_crazy_yiuf_cottage, uniq_blork_the_orc
Sewer:    sewer_frog_island_02

Skill      XL: |  1  2  3  4  5 |
---------------+----------------+-----
Fighting       | 2 3 4 5 |  5.0
Axes           | |  2.0
Maces & Flails | |  2.0
Armour         | |  2.4
Stealth        | |  1.5
Evocations     | |  1.0

Action                   |  1- 3 |  4- 6 || total
-------------------------+-------+-------++-------
Melee: Dagger            |    81 |   116 ||   197
 Abil: Spit Poison       |    18 |     7 ||    25
  Use: Scroll            |     3 |       ||     3
       Potion            |       |     3 ||     3
 Stab: Sleeping          |     1 |       ||     1
  Eat: Chunk             |     5 |     2 ||     7
Armor: Robe              |    11 |    21 ||    32
Dodge: Dodged            |    37 |    62 ||    99
